 Dungeon Crawl Stone Soup version 0.28-b1-25-g9875b3fc8c (webtiles) character file.

Game seed: 842943561535198867

224 Minsecho the Covered (level 5, 0/47 HPs)
             Began as a Minotaur Fighter on Feb 3, 2022.
             Was a Follower of Uskayaw.
             Slain by Grinder (3 damage)
             ... on level 4 of the Dungeon.
             The game lasted 00:04:41 (2929 turns).

Minsecho the Covered (Minotaur Fighter)             Turns: 2929, Time: 00:04:42

Health: 0/47       AC: 14    Str: 22    XL:     5   Next: 67%
Magic:  4/4        EV:  6    Int:  5    God:    Uskayaw [*.....]
Gold:   37         SH:  4    Dex: 10    Spells: 4/4 levels left

rFire   + . .      SeeInvis .   a - +0 war axe
rCold   . . .      Faith    .   c - +0 buckler
rNeg    . . .      Spirit   .   n - +2 plate armour {rF+}
rPois   .          Reflect  .   (helmet restricted)
rElec   .          Harm     .   (no cloak)
rCorr   .          Rampage  .   (no gloves)
Will    .....                   (no boots)
Stlth   ..........              (no amulet)
HPRegen 0.15/turn               q - ring of wizardry
MPRegen 0.09/turn               (no ring)

@: no status effects
A: horns 2, retaliatory headbutt
a: Renounce Religion, Stomp


You were on level 4 of the Dungeon.
You worshipped Uskayaw.
Uskayaw was noncommittal.
You visited 1 branch of the dungeon, and saw 4 of its levels.

You collected 174 gold pieces.
You spent 137 gold pieces at shops.

Inventory:

Hand Weapons
 a - a +0 war axe (weapon)
Armour
 b - a +0 scale mail
 c - a +0 buckler (worn)
 n - a +2 plate armour of fire resistance (worn)
Jewellery
 q - a ring of wizardry (left hand)
Scrolls
 e - a scroll of vulnerability {unknown}
 j - a scroll of torment {unknown}
 l - a scroll of enchant armour {unknown}
 o - a scroll of teleportation
 p - a scroll of blinking
 r - a scroll of brand weapon {unknown}
Potions
 d - a potion of might
 f - a potion of haste
 g - 2 potions of cancellation
 h - a potion of magic
 i - a potion of invisibility
 k - a potion of mutation {unknown}
 m - 2 potions of curing {unknown}
 s - 2 potions of heal wounds


   Skills:
 + Level 4.6 Fighting
 + Level 4.8 Axes
 + Level 5.0 Armour
 + Level 1.2 Dodging
 + Level 0.4 Stealth
 + Level 4.1 Shields


You had 4 spell levels left.
You didn't know any spells.
Your spell library contained the following spells:

 Spells                   Type           Power      Damage    Failure   Level
 Ensorcelled Hibernation  Hex/Ice        0%         N/A       100%        2
 Sublimation of Blood     Necr           0%         N/A       100%        2
 Ozocubu's Armour         Ice            0%         N/A       100%        3
 Spider Form              Tmut/Pois      0%         N/A       100%        3
 Anguish                  Hex/Necr       0%         N/A       100%        4
 Petrify                  Tmut/Erth      0%         N/A       100%        4
 Irradiate                Conj/Tmut      0%         3d14      100%        5
 Metabolic Englaciation   Hex/Ice        0%         N/A       100%        5
 Simulacrum               Ice/Necr       0%         N/A       100%        6


Dungeon Overview and Level Annotations

Branches:
Dungeon (4/15)
 Temple: D:4-7

Altars:
Uskayaw

Shops:
D:3 ?

Annotations:
D:3 2 runed translucent doors
D:4 Grinder


Innate Abilities, Weirdness & Mutations

You have a pair of horns on your head.
You reflexively headbutt those who attack you in melee.


Message History

Grinder is lightly wounded.
Grinder completely misses you. You furiously retaliate!
You headbutt Grinder, but do no damage. You hit Grinder but do no damage.
You headbutt Grinder!
Grinder is moderately wounded.
Grinder hits you but does no damage. Grinder gestures at you.
You suddenly lose the ability to move!
You can now pass through a line of other dancers.
Grinder hits you but does no damage.
You can move again.
Unknown command.
You hit Grinder.
Grinder is heavily wounded.
Grinder gestures at you. Pain shoots through your body!
You slash Grinder! Your headbutt misses Grinder.
Grinder is severely wounded.
You block Grinder's attack.
Okay, then.
You closely miss Grinder.
Grinder is severely wounded.
Grinder grins, showing sharp teeth.
Grinder blinks!
Grinder drinks a potion.
Grinder is healed!
Grinder gestures at you. Pain shoots through your body! Grinder hits you.
You writhe in agony.
You barely miss Grinder.
Grinder is lightly wounded.
Grinder blinks!
Grinder gestures at you. Pain shoots through your body!
* * * LOW HITPOINT WARNING * * *
You can no longer pass through a line of other dancers.
You hit Grinder but do no damage.
Grinder is lightly wounded.
Grinder hits you!
* * * LOW HITPOINT WARNING * * *
You writhe in agony.
You die...

.≈.+ ......... #.≈.#
###...... . #.≈.#
#...... ≈≈
#.≈.########+###.
...#####.≈.......# #.
###$..[..≈.......# #.
...≈≈≈≈≈≈≈.......+ ##.
≈≈≈.........$....# #..
######.@....../(.#####..
#..5........'......
#...........#######
#...........+
#...........#
#...........#
#############


You could see Grinder.

Vanquished Creatures
  An ogre (D:3)
  An orc wizard (D:3)
  6 adders
  3 orcs (D:3)
  5 ball pythons
  5 bats
  4 endoplasms
  A giant cockroach (D:1)
  7 goblins
  6 hobgoblins
  A quokka (D:3)
  2 frilled lizards
  4 kobolds
  6 rats
52 creatures vanquished.

Notes
Turn   | Place    | Note
-------+----------+-------------------------------------------
     0 | D:1      | Minsecho the Minotaur Fighter began the quest for the Orb.
     0 | D:1      | Reached XP level 1. HP: 19/19 MP: 0/0
   148 | D:1      | Reached XP level 2. HP: 27/27 MP: 1/1
   151 | D:1      | Found a faded altar of an unknown god.
   173 | D:1      | Prayed at the altar of an unknown god.
   173 | D:1      | Became a worshipper of Uskayaw the Reveller
   173 | D:1      | Reached * piety under Uskayaw
   204 | D:1      | Reached ** piety under Uskayaw
   925 | D:2      | Reached XP level 3. HP: 33/33 MP: 2/2
   997 | D:2      | Reached skill level 4 in Armour
  1771 | D:3      | Reached XP level 4. HP: 18/40 MP: 3/3
  1771 | D:3      | Reached *** piety under Uskayaw
  2026 | D:3      | Found Safime's Magic Scroll Boutique.
  2036 | D:3      | Bought a scroll of teleportation for 33 gold pieces
  2036 | D:3      | Bought a scroll of blinking for 82 gold pieces
  2036 | D:3      | Bought a scroll of identify for 22 gold pieces
  2081 | D:3      | Noticed an ogre
  2088 | D:3      | Killed an ogre
  2089 | D:3      | Reached skill level 1 in Dodging
  2089 | D:3      | Reached XP level 5. HP: 31/47 MP: 4/4
  2090 | D:3      | Reached skill level 5 in Armour
  2456 | D:3      | Found a large runed translucent door.
  2456 | D:3      | Found a large runed translucent door.
  2907 | D:4      | Noticed Grinder
  2918 | D:4      | Paralysed by Grinder for 2 turns
  2929 | D:4      | Slain by Grinder

Illustrated notes

Levels and vault maps discovered:
D:1:      dpeg_arrival_erosion, layout_basic, dreamdust_ecumenical_altar_statues
D:2:      layout_basic
D:3:      layout_basic, jmf_multi_god_temple2, serial_shops, shop
D:4:      layout_basic, nicolae_overflow_squiral, uniq_grinder

Skill      XL: |  1  2  3  4  5 |
---------------+----------------+-----
Fighting       | 4 |  4.6
Axes           | 3 4 |  4.8
Shields        | 4 |  4.1
Armour         | 4 5 |  5.0
Dodging        | 1 |  1.2
Stealth        | |  0.4

Action                   |  1- 3 |  4- 6 || total
-------------------------+-------+-------++-------
Melee: War axe           |    72 |    34 ||   106
       Headbutt          |     9 |     6 ||    15
  Use: Scroll            |       |     4 ||     4
 Stab: Paralysed         |       |     1 ||     1
Armor: Scale mail        |    43 |       ||    43
       Plate armour      |       |     9 ||     9
Dodge: Dodged            |    31 |     6 ||    37
Block: Buckler           |    12 |     9 ||    21
